3AAA
HAMILTON COYOTES @ BLOOMINGTON LONGNECKS
07/30/2027
 
TOP OF THE 1ST
Hamilton Coyotes batting - Pitching for Bloomington Longnecks : RHP Roberto Calderón
Pitching: RHP Roberto Calderón
Batting: RHB Alfredo Cardenas 0-0: Ball
1-0: Called Strike
1-1: Hit by Pitch
Batting: RHB Vincente Fuentes 0-0: Foul Ball, location: 2F
0-1: Fly out, F6 (Popup, 6MD)
Batting: SHB Martín Marrero 0-0: Ball
1-0: Ball
2-0: Ball
3-0: Foul Ball, location: 2F
3-1: Fly out, F2 (Popup, 25)
Batting: LHB Ruben Yim 0-0: Ball
1-0: Ball
Alfredo Cardenas steals 2nd base
2-0: Foul Ball, location: 2F
2-1: Ball
3-1: Base on Balls
Batting: RHB Monty Sharp 0-0: Swinging Strike
0-1: Ball
1-1: Ground out 5-3 (Groundball, 56S)
Top of the 1st over - 0 run(s), 0 hit(s), 0 error(s), 2 left on base; Hamilton 0 - Bloomington 0
BOTTOM OF THE 1ST
Bloomington Longnecks batting - Pitching for Hamilton Coyotes : RHP Marcos Mesa
Pitching: RHP Marcos Mesa
Batting: LHB Chris Payling 0-0: Fly out, F7 (Flyball, 7LDF)
Batting: RHB Wei-qiang Mo 0-0: Called Strike
0-1: Ball
1-1: Foul Ball, location: 2F
1-2: Ball
2-2: Ball
3-2: Ground out 5-3 (Groundball, 56)
Batting: LHB Adrián Gómez 0-0: DOUBLE (Flyball, 7LD) - OUT at third base trying to stretch hit.
Bottom of the 1st over - 0 run(s), 1 hit(s), 0 error(s), 0 left on base; Hamilton 0 - Bloomington 0
TOP OF THE 2ND
Hamilton Coyotes batting - Pitching for Bloomington Longnecks : RHP Roberto Calderón
Batting: LHB Manuel Sánchez 0-0: Called Strike
0-1: Ball
1-1: Called Strike
1-2: Foul Ball, location: 2F
1-2: Strikes out swinging
Batting: RHB Jon Erickson 0-0: Called Strike
0-1: SINGLE (Flyball, 9LM)
Batting: LHB Christian Blair 0-0: Ball
1-0: Ball
2-0: Ball
3-0: Base on Balls
Jon Erickson to second
Batting: RHB Rodrigo Pagán 0-0: Ball
1-0: Grounds into double play, 4-6-3 (Groundball, 4)
Top of the 2nd over - 0 run(s), 1 hit(s), 0 error(s), 1 left on base; Hamilton 0 - Bloomington 0
BOTTOM OF THE 2ND
Bloomington Longnecks batting - Pitching for Hamilton Coyotes : RHP Marcos Mesa
Batting: LHB Luis Velázquez 0-0: Ball
1-0: Ball
2-0: Fly out, F9 (Flyball, 89M)
Batting: RHB José López 0-0: Called Strike
0-1: Foul Ball, location: 2F
0-2: Ball
1-2: Foul Ball, location: 2F
1-2: Strikes out swinging
Batting: RHB Mark Smiley 0-0: Ball
1-0: Ball
2-0: Foul Ball, location: 2F
2-1: SINGLE (Line Drive, 56D)
Batting: RHB Bubba Blevins 0-0: Ball
1-0: Ball
2-0: Fielders Choice at 2nd, 5-4 (Groundball, 5)
Bottom of the 2nd over - 0 run(s), 1 hit(s), 0 error(s), 0 left on base; Hamilton 0 - Bloomington 0
TOP OF THE 3RD
Hamilton Coyotes batting - Pitching for Bloomington Longnecks : RHP Roberto Calderón
Batting: RHB Alfredo Cardenas 0-0: Swinging Strike
0-1: Foul Ball, location: 2F
0-2: Strikes out looking
Batting: RHB Vincente Fuentes 0-0: Swinging Strike
0-1: Ground out 6-3 (Groundball, 6S)
Batting: SHB Martín Marrero 0-0: Foul Ball, location: 2F
0-1: Ball
1-1: Foul Ball, location: 2F
1-2: Ball
2-2: Strikes out looking
Top of the 3rd over - 0 run(s), 0 hit(s), 0 error(s), 0 left on base; Hamilton 0 - Bloomington 0
BOTTOM OF THE 3RD
Bloomington Longnecks batting - Pitching for Hamilton Coyotes : RHP Marcos Mesa
Batting: RHB Frank Crocker 0-0: Ball
1-0: Foul Ball, location: 2F
1-1: Ball
2-1: Foul Ball, location: 2F
2-2: Foul Ball, location: 2F
2-2: Strikes out looking
Batting: RHB Michael Hicks 0-0: Ball
1-0: Foul Ball, location: 2F
1-1: Swinging Strike
1-2: Ball
2-2: Ball
3-2: Foul Ball, location: 2F
3-2: Foul Ball, location: 2F
3-2: Base on Balls
Batting: LHB Chris Payling 0-0: Ball
1-0: Ball
2-0: Ball
3-0: Base on Balls
Michael Hicks to second
Batting: RHB Wei-qiang Mo 0-0: Grounds into double play, 6-4-3 (Groundball, 56)
Bottom of the 3rd over - 0 run(s), 0 hit(s), 0 error(s), 1 left on base; Hamilton 0 - Bloomington 0
TOP OF THE 4TH
Hamilton Coyotes batting - Pitching for Bloomington Longnecks : RHP Roberto Calderón
Batting: LHB Ruben Yim 0-0: Called Strike
0-1: Fly out, F9 (Flyball, 9LM)
Batting: RHB Monty Sharp 0-0: Ball
1-0: Ball
2-0: Called Strike
2-1: Swinging Strike
2-2: Foul Ball, location: 2F
2-2: Ball
3-2: Strikes out swinging, 2-3 out at first.
Batting: LHB Manuel Sánchez 0-0: SINGLE (Line Drive, 89S)
Batting: RHB Jon Erickson 0-0: Ball
1-0: Ball
2-0: Foul Ball, location: 2F
2-1: Ball
3-1: Called Strike
3-2: Base on Balls
Manuel Sánchez to second
Batting: LHB Christian Blair 0-0: Foul Ball, location: 2F
0-1: Ball
1-1: Swinging Strike
1-2: Foul Ball, location: 2F
1-2: Foul Ball, location: 2F
1-2: Foul Ball, location: 2F
1-2: Foul Ball, location: 2F
1-2: Ball
2-2: Foul Ball, location: 2F
2-2: Ball
3-2: SINGLE (Line Drive, 6D)
Manuel Sánchez to third
Jon Erickson to second
Manuel Sánchez scores
Jon Erickson to third
Batting: RHB Rodrigo Pagán 0-0: Ball
1-0: Called Strike
1-1: Swinging Strike
1-2: Ball
2-2: SINGLE (Groundball, 4D)
Jon Erickson scores
Christian Blair to second
Runner from 2nd tries for 3rd, SAFE, throw made to third
Batting: RHB Alfredo Cardenas 0-0: Ball
Wild Pitch!
Christian Blair scores
Rodrigo Pagán to second
1-0: Foul Ball, location: 2F
1-1: Ball
2-1: Swinging Strike
2-2: Strikes out swinging
Top of the 4th over - 3 run(s), 3 hit(s), 0 error(s), 1 left on base; Hamilton 3 - Bloomington 0
BOTTOM OF THE 4TH
Bloomington Longnecks batting - Pitching for Hamilton Coyotes : RHP Marcos Mesa
Batting: LHB Adrián Gómez 0-0: Called Strike
0-1: Ball
1-1: Ball
2-1: Foul Ball, location: 2F
2-2: Ground out 3-1 (Groundball, 34S)
Batting: LHB Luis Velázquez 0-0: Called Strike
0-1: Fly out, F7 (Flyball, 78S)
Batting: RHB José López 0-0: Ground out 1-3 (Groundball, 13)
Bottom of the 4th over - 0 run(s), 0 hit(s), 0 error(s), 0 left on base; Hamilton 3 - Bloomington 0
TOP OF THE 5TH
Hamilton Coyotes batting - Pitching for Bloomington Longnecks : RHP Roberto Calderón
Batting: RHB Vincente Fuentes 0-0: Called Strike
0-1: Ball
1-1: Called Strike
1-2: Ground out 1-3 (Groundball, P)
Batting: SHB Martín Marrero 0-0: Called Strike
0-1: Ball
1-1: Called Strike
1-2: Ball
2-2: Foul Ball, location: 2F
2-2: Strikes out swinging, 2-3 out at first.
Batting: LHB Ruben Yim 0-0: Ball
1-0: Ball
2-0: Called Strike
2-1: Foul Ball, location: 2F
2-2: Foul Ball, location: 2F
2-2: Foul Ball, location: 2F
2-2: SINGLE (Line Drive, 89S)
Batting: RHB Monty Sharp 0-0: Ball
1-0: Ball
2-0: Ball
Ruben Yim is caught stealing 2nd base
Top of the 5th over - 0 run(s), 1 hit(s), 0 error(s), 0 left on base; Hamilton 3 - Bloomington 0
BOTTOM OF THE 5TH
Bloomington Longnecks batting - Pitching for Hamilton Coyotes : RHP Marcos Mesa
Batting: RHB Mark Smiley 0-0: Ball
1-0: Foul Ball, location: 2F
1-1: Ball
2-1: Ground out 5-3 (Groundball, 56S)
Batting: RHB Bubba Blevins 0-0: Ball
1-0: Fly out, F8 (Flyball, 8RM)
Batting: RHB Frank Crocker 0-0: Ball
1-0: Ball
2-0: Ball
3-0: Called Strike
3-1: Ground out 4-3 (Groundball, 4M)
Bottom of the 5th over - 0 run(s), 0 hit(s), 0 error(s), 0 left on base; Hamilton 3 - Bloomington 0
TOP OF THE 6TH
Hamilton Coyotes batting - Pitching for Bloomington Longnecks : RHP Roberto Calderón
Batting: RHB Monty Sharp 0-0: Called Strike
0-1: Called Strike
0-2: Foul Ball, location: 2F
0-2: Foul Ball, location: 2F
0-2: Ball
1-2: Ground out 1-3 (Groundball, P)
Batting: LHB Manuel Sánchez 0-0: Ground out U3 (Groundball, 34)
Batting: RHB Jon Erickson 0-0: Ball
1-0: Ball
2-0: Ball
3-0: Base on Balls
Pitching: RHP Vincente Ortíz
Batting: LHB Christian Blair 0-0: Ball
1-0: Ball
2-0: Foul Ball, location: 2F
2-1: Foul Ball, location: 2F
2-2: Ground out 4-3 (Groundball, 4S)
Top of the 6th over - 0 run(s), 0 hit(s), 0 error(s), 1 left on base; Hamilton 3 - Bloomington 0
BOTTOM OF THE 6TH
Bloomington Longnecks batting - Pitching for Hamilton Coyotes : RHP Marcos Mesa
Batting: RHB Michael Hicks 0-0: Called Strike
0-1: Ground out 6-3 (Groundball, 6)
Batting: LHB Chris Payling 0-0: Called Strike
0-1: Foul Ball, location: 2F
0-2: Ball
1-2: SOLO HOME RUN (Flyball, 89XD), Distance : 381 ft
Batting: RHB Wei-qiang Mo 0-0: Foul Ball, location: 2F
0-1: SINGLE (Line Drive, 6M)
Batting: LHB Adrián Gómez 0-0: Ball
Wei-qiang Mo steals 2nd base
1-0: Called Strike
1-1: SINGLE (Line Drive, 6MD)
Wei-qiang Mo to third
Runner from 3rd tries for Home, throw and OUT!
Batting: LHB Luis Velázquez 0-0: Ball
1-0: Ball
2-0: Ball
3-0: Base on Balls
Adrián Gómez to second
Batting: RHB José López 0-0: Foul Ball, location: 2F
0-1: Called Strike
0-2: Fly out, F8 (Flyball, 89M)
Bottom of the 6th over - 1 run(s), 3 hit(s), 0 error(s), 2 left on base; Hamilton 3 - Bloomington 1
TOP OF THE 7TH
Hamilton Coyotes batting - Pitching for Bloomington Longnecks : RHP Vincente Ortíz
Batting: RHB Rodrigo Pagán 0-0: Called Strike
0-1: Ball
1-1: Ball
2-1: Ground out 4-3 (Groundball, 4M)
Batting: RHB Alfredo Cardenas 0-0: Called Strike
0-1: Called Strike
0-2: Ball
1-2: Strikes out swinging
Batting: RHB Vincente Fuentes 0-0: Ball
1-0: SINGLE (Line Drive, 8RS)
Batting: SHB Martín Marrero 0-0: Fly out, F8 (Flyball, 8RM)
Top of the 7th over - 0 run(s), 1 hit(s), 0 error(s), 1 left on base; Hamilton 3 - Bloomington 1
BOTTOM OF THE 7TH
Bloomington Longnecks batting - Pitching for Hamilton Coyotes : RHP Marcos Mesa
Batting: RHB Mark Smiley 0-0: Called Strike
0-1: Called Strike
0-2: Ball
1-2: Ball
2-2: Foul Ball, location: 2F
2-2: Ground out 5-3 (Groundball, 2L)
Batting: RHB Bubba Blevins 0-0: Ground out 6-3 (Groundball, 6)
Batting: RHB Frank Crocker 0-0: SINGLE (Groundball, 34D)
Pitching: RHP Jim Unknown
Batting: RHB Michael Hicks 0-0: Ball
Frank Crocker steals 2nd base
1-0: Ball
2-0: Ball
3-0: Called Strike
3-1: Base on Balls
Batting: LHB Chris Payling 0-0: Ground out 1-3 (Groundball, 13)
Bottom of the 7th over - 0 run(s), 1 hit(s), 0 error(s), 2 left on base; Hamilton 3 - Bloomington 1
TOP OF THE 8TH
Hamilton Coyotes batting - Pitching for Bloomington Longnecks : RHP Vincente Ortíz
Batting: LHB Ruben Yim 0-0: Ball
1-0: Ground out 4-3 (Groundball, 4)
Batting: RHB Monty Sharp 0-0: Ball
1-0: Ground out 5-3 (Groundball, 56S)
Batting: LHB Manuel Sánchez 0-0: Swinging Strike
0-1: Ball
1-1: SOLO HOME RUN (Flyball, 89XD), Distance : 392 ft
Batting: RHB Jon Erickson 0-0: Ball
1-0: Ball
2-0: Ball
3-0: Called Strike
3-1: Called Strike
3-2: Ground out 6-3 (Groundball, 6)
Top of the 8th over - 1 run(s), 1 hit(s), 0 error(s), 0 left on base; Hamilton 4 - Bloomington 1
BOTTOM OF THE 8TH
Bloomington Longnecks batting - Pitching for Hamilton Coyotes : RHP Jim Unknown
Batting: RHB Wei-qiang Mo 0-0: Called Strike
0-1: Called Strike
0-2: Strikes out looking
Batting: LHB Adrián Gómez 0-0: Ball
1-0: Called Strike
1-1: Ground out 4-3 (Groundball, 4)
Batting: LHB Luis Velázquez 0-0: Called Strike
0-1: Ball
1-1: Swinging Strike
1-2: Foul Ball, location: 2F
1-2: Strikes out swinging
Bottom of the 8th over - 0 run(s), 0 hit(s), 0 error(s), 0 left on base; Hamilton 4 - Bloomington 1
TOP OF THE 9TH
Hamilton Coyotes batting - Pitching for Bloomington Longnecks : RHP Vincente Ortíz
Pitching: LHP Jesús Medina
Batting: LHB Christian Blair 0-0: Called Strike
0-1: Swinging Strike
0-2: Foul Ball, location: 2F
0-2: Ball
1-2: Foul Ball, location: 2F
1-2: Foul Ball, location: 2F
1-2: Strikes out swinging
Batting: RHB Rodrigo Pagán 0-0: Called Strike
0-1: Swinging Strike
0-2: Ball
1-2: Strikes out swinging
Batting: RHB Alfredo Cardenas 0-0: Ball
1-0: Called Strike
1-1: Ball
2-1: Fly out, F8 (Flyball, 8RXD)
Top of the 9th over - 0 run(s), 0 hit(s), 0 error(s), 0 left on base; Hamilton 4 - Bloomington 1
BOTTOM OF THE 9TH
Bloomington Longnecks batting - Pitching for Hamilton Coyotes : RHP Jim Unknown
Pitching: RHP Jim Unknown
Batting: RHB José López 0-0: Called Strike
0-1: Ball
1-1: Ball
2-1: Ball
3-1: Swinging Strike
3-2: Strikes out swinging
Batting: RHB Mark Smiley 0-0: Called Strike
0-1: Ball
1-1: Ground out 4-3 (Groundball, 34)
Batting: RHB Bubba Blevins 0-0: Called Strike
0-1: Foul Ball, location: 2F
0-2: Ball
1-2: Strikes out swinging, 2-3 out at first.
Bottom of the 9th over - 0 run(s), 0 hit(s), 0 error(s), 0 left on base; Hamilton 4 - Bloomington 1
Saturday, May 26th, 2018 - OOTP Baseball 17.12 Build 75